 Dungeon Crawl Stone Soup version 0.31.0-12-g77e489cdc1 (webtiles) character file.

Game seed: 4537605167742706966

44 booth the Shooter (level 3, 0/28 HPs)
             Began as a Demonspawn Hunter on Feb 14, 2024.
             Succumbed to an adder's poison
             ... on level 1 of the Dungeon.
             The game lasted 00:07:12 (778 turns).

booth the Shooter (Demonspawn Hunter)                Turns: 778, Time: 00:07:12

Health: 0/28       AC:  3    Str: 11    XL:     3   Next: 39%
Magic:  3/3        EV: 11    Int: 11    God:
Gold:   77         SH:  0    Dex: 16    Spells: 2/2 levels left

rFire   . . .        a - +0 shortbow
rCold   . . .        (shield currently unavailable)
rNeg    . . .        c - +0 leather armour
rPois   .            (helmet restricted)
rElec   .            (no cloak)
rCorr   .            (no gloves)
SInv    .            (no boots)
Will    .....        (no amulet)
Stlth   ++           (no ring)
HPRegen 0.24/turn    (no ring)
MPRegen 0.08/turn

%: no passive effects
@: lethally poisoned (0 -> -2), hasted, very quick
A: antennae 2
a: no special abilities


You were on level 1 of the Dungeon.
You visited 1 branch of the dungeon, and saw 2 of its levels.

You collected 77 gold pieces.

Inventory:

Hand Weapons
 a - a +0 shortbow (weapon)
Missiles
 g - 2 poisoned darts
Armour
 c - a +0 leather armour (worn)
Scrolls
 b - a scroll of butterflies


   Skills:
 + Level 2.5 Fighting
 * Level 4.2 Ranged Weapons
 - Level 1.7 Dodging
 + Level 1.7 Stealth


You had 2 spell levels left.
You didn't know any spells.
Your spell library was empty.

Dungeon Overview and Level Annotations

Branches:
Dungeon (2/15)

Altars:

Shops:
D:1 :


Innate Abilities, Weirdness & Mutations

You have a pair of antennae on your head.


Message History

The adder hisses angrily.
You shoot an arrow. The arrow completely misses the adder.
The adder bites you.
You are poisoned.
The adder poisons you! The adder barely misses you.
You shoot an arrow. The arrow barely misses the adder.
You feel sick. The adder bites you but does no damage.
You shoot an arrow. The arrow hits the adder!
The adder is severely wounded.
You feel sick. The adder bites you. The adder barely misses you.
You shoot an arrow. The arrow closely misses the adder.
You feel sick. The adder bites you.
You are too injured to fight recklessly!
You are too injured to fight recklessly!
You are too injured to fight recklessly!
You shoot an arrow. The arrow closely misses the adder.
You feel sick. The adder barely misses you. The adder bites you.
You shoot an arrow. The arrow barely misses the adder.
You feel sick.
You are no longer poisoned.
The adder bites you.
You are poisoned.
The adder poisons you!
You shoot an arrow. The arrow barely misses the adder.
You feel sick. The adder bites you. x2
You are more poisoned.
The adder poisons you!
You shoot an arrow. The arrow misses the adder.
You feel sick.
The adder bites you but does no damage. x2
You shoot an arrow. The arrow misses the adder.
You feel sick. The adder bites you.
* * * LOW HITPOINT WARNING * * *
It was a potion of haste.
You feel yourself speed up.
* * * LOW HITPOINT WARNING * * *
You feel sick. The adder barely misses you.
You shoot an arrow. The arrow hits the adder.
You kill the adder!
Okay, then.
* * * LOW HITPOINT WARNING * * *
You feel sick.
You climb upwards.
You die...

#.# #..# ##.......## #.#
#..# ##.........## #.#
#..# ##.......†...# #.#
#..###.....~~~.....
#.####..##.....~...~....
#..............~.<.~....
#..............~...~....
######...##.....~~~.....
####.@.###...........#
#.......###.........##
#.......# ##.......##
#.......# ##.....##
###....## ####### ##...#
#..##### #...# #......#
##### ##.###.# #.###.##


There were no monsters in sight!

Vanquished Creatures
  2 adders (D:2)
  A dart slug (D:1)
  2 ball pythons (D:1)
  A bat (D:1)
  2 endoplasms
  A giant cockroach (D:1)
  2 goblins (D:1)
  2 hobgoblins (D:1)
  2 quokkas (D:1)
  A frilled lizard (D:1)
  2 kobolds (D:1)
  6 rats
24 creatures vanquished.

Notes
Turn   | Place    | Note
-------+----------+-------------------------------------------
     0 | D:1      | booth the Demonspawn Hunter began the quest for the Orb.
     0 | D:1      | Reached XP level 1. HP: 16/16 MP: 1/1
    56 | D:1      | Reached skill level 1 in Stealth
   179 | D:1      | Gained mutation: You have a pair of small antennae on your
                  | head. [demonic ancestry]
   179 | D:1      | Reached XP level 2. HP: 22/22 MP: 2/2
   204 | D:1      | Found Uddunweha's Book Boutique.
   411 | D:1      | Reached skill level 4 in Ranged Weapons
   689 | D:2      | Gained mutation: You have a pair of antennae on your head.
                  | [demonic ancestry]
   689 | D:2      | Reached XP level 3. HP: 15/28 MP: 3/3
   775 | D:2      | HP: 1/28 [poisoned by an adder]
   778 | D:1      | Succumbed to an adder's poison

Illustrated notes

Levels and vault maps discovered:
D:1:      enne_arrival_octagon_isle, layout_loops_ring, serial_shops,
          nicolae_lakefront_shop
D:2:      layout_rooms, nicolae_titane

Skill      XL: |  1  2 |
---------------+-------+-----
Stealth        | 1 |  1.7
Ranged Weapons | 4 |  4.2
Fighting       | |  2.5
Dodging        | |  1.7

Action                     || total
---------------------------++-------
   Fire: Shortbow          ||    73
    Use: Scroll            ||     3
         Potion            ||     1
 Armour: Leather armour    ||    20
  Dodge: Dodged            ||     9
